Map: Cosmic Sapphire

Players

A.I. 1 (Very Easy) - Winner!

  • Race: Zerg Zerg
  • Spawn Location: 5:00

aGaham

  • Race: Zerg Zerg
  • Spawn Location: 11:00

VOD

Have the link to the VOD?

Description

Time

  • Played on: Aug. 1, 2022, 7:06 a.m.
  • Length: 4:05
Show
View Real Time Build Order
Export as new Build Order

A.I. 1 (Very Easy) Zerg - Winner!

Build Orders: Pool Only 

Get SALT Encoding   

  12  0:00  Drone  
  13  0:12  Overlord  
  13  0:16  Drone  
  14  0:36  Spawning Pool  
  14  0:37  Extractor  
  14  0:39  Drone  
  13  0:46  Drone  
  14  0:51  Overlord  
  14  1:22  Queen  
  14  1:23  Zergling x2  
  17  1:30  Roach Warren  
  17  1:32  Extractor  
  15  1:37  Drone  
  16  1:44  Drone  
  17  1:49  Zergling x2  
  18  2:04  Drone  
  19  2:11  Drone  
  20  2:15  Zergling x2  
  20  2:20  Drone  
  22  2:29  Overlord  
  22  2:34  Drone  
  23  2:41  Drone  
  23  2:42  Roach  
  26  2:48  Drone  
  25  3:08  Zergling x2  
  23  3:22  Queen  
  22  3:31  Drone  
  22  3:35  Zergling x2  
  22  3:39  Drone  
Show
View Real Time Build Order
Export as new Build Order

aGaham Zerg 

Build Orders: Pool Only, Ravager All-In 

Get SALT Encoding   

  12  0:18  Spawning Pool  
  11  0:21  Drone  
  11  0:25  Drone  
  13  0:30  Drone  
  14  0:36  Extractor  
  14  0:37  Drone  
  14  0:48  Drone, Extractor  
  14  1:07  Roach Warren  
  14  1:08  Drone  
  14  1:13  Overlord  
  14  1:22  Overlord  
  14  1:47  Roach x2  
  14  1:51  Roach  
  20  2:00  Roach  
  22  2:07  Ravager x2  
  24  2:12  Ravager  
  25  2:24  Ravager  
  25  2:29  Roach  
  28  2:35  Roach  
  30  2:44  Overlord  
  30  3:03  Ravager  
  30  3:04  Ravager  
  32  3:17  Roach x2  
  36  3:34  Overlord  
  36  3:43  Ravager x2  
Tags
 
Add a new tag
Caveats
  • Supply blocks, unpowered buildings, or Contaminate may cause inaccurate times.
  • Supply counts are checked every 10 seconds.